 Dungeon Crawl Stone Soup version 0.18.1-48-g4cf74bf (webtiles) character file.

9025 Gargoyl the Protected (level 11, -6/84 HPs)
             Began as a Demonspawn Abyssal Knight on Aug 21, 2016.
             Was a High Priest of Lugonu.
             Mangled by an orc warrior
             ... wielding a +0 battleaxe
              (13 damage)
             ... on level 1 of the Orcish Mines.
             The game lasted 00:27:35 (10398 turns).

Gargoyl the Protected (Demonspawn Abyssal Knight)  Turns: 10398, Time: 00:27:35

Health: -6/84      AC: 18    Str: 16    XL:     11   Next: 17%
Magic:  12/12      EV:  3    Int: 14    God:    Lugonu [*****.]
Gold:   785        SH: 14    Dex: 12    Spells: 0 memorised, 10 levels left

rFire  . . .     SeeInvis .     F - +2 war axe
rCold  . . .     Gourm    .     G - +0 plate armour
rNeg   . . .     Faith    .     e - +0 large shield
rPois  .         Spirit   .     (helmet restricted)
rElec  .         Dismiss  .     E - +0 cloak
rCorr  .         Reflect  .     (no gloves)
SustAt .         Harm     .     m - +0 pair of boots
MR     .....                    l - amulet of rage
Stlth  ..........               (no ring)
                                (no ring)

@: very slightly contaminated, drained, not resistant to hostile enchantments,
extremely unstealthy
A: horns 1, molten scales 1, powered by death 2, spiny 1
a: Depart the Abyss, Bend Space, Banish, Corrupt, Enter the Abyss, Renounce
Religion, Evoke Berserk Rage


You were on level 1 of the Orcish Mines.
You worshipped Lugonu.
Lugonu was extremely pleased with you.
You were not hungry.

You visited 3 branches of the dungeon, and saw 13 of its levels.
You visited the Abyss 1 time.
You also visited: Sewer.

You collected 785 gold pieces.

Inventory:

Hand Weapons
 F - a +2 war axe (weapon)
Armour
 e - a +0 large shield (worn)
 m - a +0 pair of boots (worn)
 E - a +0 cloak (worn)
 G - a +0 plate armour (worn)
Jewellery
 l - an amulet of rage (around neck)
 D - an uncursed ring of sustain attributes {unknown}
Wands
 a - a wand of iceblast (7/15)
 d - a wand of slowing (29/48)
 f - a wand of lightning (11/15)
 o - a wand of random effects (10/48)
 r - a wand of paralysis (14/24)
 s - a wand of paralysis (23/24)
 y - a wand of confusion (16/48)
 A - a wand of iceblast (13/15)
Scrolls
 g - a scroll of fear
 k - 3 scrolls of fog
 p - a scroll of recharging
 u - 2 scrolls of teleportation
 w - 6 scrolls of remove curse
 x - a scroll of blinking
 H - 5 scrolls of identify
Potions
 h - a potion of curing
 j - a potion of cancellation
 t - a potion of flight
 v - a potion of might
 C - a potion of haste
 J - a potion of resistance {unknown}
 L - a potion of mutation {unknown}
Comestibles
 c - 9 bread rations
 i - a meat ration
 q - 2 beef jerkies
 B - a slice of pizza


   Skills:
 + Level 7.2(6.8) Fighting
 + Level 6.7(6.3) Axes
 + Level 0.1(0.0) Throwing
 * Level 10.2(9.7) Armour
 + Level 4.8(4.4) Dodging
 + Level 3.7(3.2) Stealth
 + Level 6.1(5.6) Shields
 + Level 2.5(2.1) Invocations
 + Level 0.6(0.2) Evocations


You had 10 spell levels left.
You didn't know any spells.

Dungeon Overview and Level Annotations

Branches:
Dungeon (10/15)            Temple (0/1) D:5            Lair (1/8) D:10
    Orc (2/2) D:10            Elf (0/3) Orc:2

Altars:
Elyvilon
Fedhas
Kikubaaqudgha
Makhleb
Nemelex Xobeh
Okawaru
Pakellas
Qazlal
Ru
Sif Muna
Trog
Xom
Zin
The Shining One


Innate Abilities, Weirdness & Mutations

You have a pair of small horns on your head.
You are partially covered in molten scales (AC +1).
You regenerate health from kills.
You are partially covered in sharp spines.


Message History

Unknown command.
You closely miss the orc warrior.
The orc warrior is moderately wounded.
You hit the orc.
The orc is almost dead.
You block the orc's attack.
The orc warrior hits you with a battleaxe!!
* * * LOW HITPOINT WARNING * * *
You hit the orc warrior. You headbutt the orc warrior.
The orc warrior is heavily wounded.
You slash the orc!
You kill the orc!
Lugonu accepts your kill.
The orc warrior is struck by your spines.
The orc warrior hits you with a battleaxe!
* * * LOW HITPOINT WARNING * * *
Your plate armour prevents you from hitting the orc warrior.
The orc warrior is severely wounded.
The orc warrior hits you with a battleaxe!
You die...

.. .#.# ##
..#.##.
.......
.......
......$##
......#.###
..........##
#.....#@...#
...#..)o#.##
# ##......#
##..#.##
######


You could see an orc warrior.

Vanquished Creatures
  A hill giant (D:9)
  An orc sorcerer (Orc:1)
  Joseph (D:7)
  2 trolls (Orc:1)
  Prince Ribbit (D:5)
  A two-headed ogre (D:9)
  Grinder (D:5)
  A spriggan (D:7)
  A wyvern (D:10)
  A wraith (D:10)
  Grum (D:8)
  A hippogriff (D:9)
  A hungry ghost (D:9)
  A warg (D:9)
  A water moccasin (Lair:1)
  2 hell hounds (D:10)
  Duvessa (D:5)
  Purgy (Sewer)
  4 sky beasts
  6 orc warriors
  3 ice beasts
  2 phantoms
  A wasp (D:10)
  An eye of draining (D:10)
  2 ogres
  2 centaurs
  3 wolves (D:8)
  2 crocodiles
  Blork the orc (D:5)
  4 giant frogs
  Dowan (D:5)
  A wyvern zombie (D:6)
  3 scorpions
  The ghost of imphell the Skirmisher, a weakling DrBe of Trog (D:3)
  6 killer bees (D:10)
  5 wights (D:8)
  A vampire bat (D:8)
  4 electric eels (D:8)
  4 crimson imps
  A giant frog zombie (D:8)
  2 jellies (D:7)
  4 hounds
  13 orc wizards
  A giant frog skeleton (D:7)
  12 orc priests
  Natasha (thrice) (D:2)
  11 worker ants
  A killer bee zombie (D:8)
  A hound zombie (D:7)
  10 adders
  A shadow imp (D:9)
  An ooze (D:6)
  3 adder skeletons
  An adder zombie (D:8)
  A worm (D:2)
  4 dart slugs
  3 giant geckos
  57 orcs
  4 bat skeletons (D:8)
  A bat zombie (D:8)
  5 giant cockroaches
  8 goblins
  3 hobgoblins
  2 jackals (D:1)
  5 quokkas
  7 ball pythons
  5 bats
  6 giant newts
  3 kobolds
  2 quokka skeletons
  5 rats
263 creatures vanquished.

Vanquished Creatures (others)
  An orc wizard (D:8)
  5 plants (D:8)
6 creatures vanquished.

Grand Total: 269 creatures vanquished

Notes
Turn   | Place    | Note
--------------------------------------------------------------
     0 | Abyss:1  | Gargoyl the Demonspawn Abyssal Knight began the quest for the Orb.
     0 | Abyss:1  | Reached XP level 1. HP: 18/18 MP: 2/2
    25 | Abyss:1  | Noticed a small abomination
    51 | Abyss:1  | Found a stormy altar of Qazlal.
    86 | Abyss:3  | Noticed a fire elemental
    86 | Abyss:3  | Noticed a water elemental
    87 | D:1      | Escaped the Abyss
   147 | D:1      | Reached * piety under Lugonu
   149 | D:1      | Reached skill level 1 in Dodging
   511 | D:1      | Gained mutation: You regenerate a little health from kills. [demonic ancestry]
   511 | D:1      | Reached XP level 2. HP: 24/24 MP: 3/3
   519 | D:1      | Reached skill level 2 in Armour
  1258 | D:2      | Found a glowing golden altar of the Shining One.
  1324 | D:2      | HP: 1/24 [worm (5)]
  1329 | D:2      | Gained mutation: You regenerate health from kills. [demonic ancestry]
  1329 | D:2      | Reached XP level 3. HP: 2/29 MP: 4/4
  1338 | D:2      | Noticed Natasha
  1897 | D:2      | Killed Natasha
  1897 | D:2      | Reached XP level 4. HP: 26/37 MP: 5/5
  2115 | D:2      | Noticed Natasha
  2122 | D:2      | Killed Natasha
  2233 | D:2      | Noticed Natasha
  2240 | D:2      | Killed Natasha
  2361 | D:2      | Found an oddly glowing altar of Pakellas.
  2361 | D:2      | Found an iron altar of Okawaru.
  2689 | D:3      | Gained mutation: You are partially covered in sharp spines. [demonic ancestry]
  2689 | D:3      | Reached XP level 5. HP: 25/42 MP: 6/6
  2751 | D:3      | Reached ** piety under Lugonu
  2818 | D:3      | Noticed imphell's ghost (weakling DrBe)
  2826 | D:3      | Killed imphell's ghost
  2850 | D:3      | Reached skill level 1 in Stealth
  2897 | D:3      | Reached XP level 6. HP: 48/48 MP: 7/7
  3572 | D:4      | Reached skill level 3 in Armour
  3985 | D:5      | Entered Level 5 of the Dungeon
  3985 | D:5      | Found a glowing drain.
  3985 | D:5      | Noticed Prince Ribbit
  3999 | D:5      | Noticed Blork the orc
  4004 | D:5      | Killed Prince Ribbit
  4004 | D:5      | Gained mutation: You are partially covered in molten scales (AC +1). [demonic ancestry]
  4004 | D:5      | Reached XP level 7. HP: 23/55 MP: 8/8
  4010 | D:5      | Killed Blork the orc
  4010 | D:5      | Reached skill level 4 in Armour
  4085 | Sewer    | Entered a sewer
  4109 | Sewer    | Reached *** piety under Lugonu
  4164 | Sewer    | Noticed Purgy
  4176 | Sewer    | Killed Purgy
  4298 | D:5      | Found a stormy altar of Qazlal.
  4301 | D:5      | Noticed Grinder
  4303 | D:5      | Paralysed by Grinder for 5 turns
  4323 | D:5      | Reached skill level 5 in Armour
  4331 | D:5      | Paralysed by Grinder for 6 turns
  4339 | D:5      | Killed Grinder
  4339 | D:5      | Reached XP level 8. HP: 42/61 MP: 9/9
  4465 | D:5      | Found a staircase to the Ecumenical Temple.
  4503 | D:5      | Found a deep blue altar of Sif Muna.
  4504 | D:5      | Found a bloodstained altar of Trog.
  4529 | D:5      | Noticed Duvessa
  4529 | D:5      | Noticed Dowan
  4542 | D:5      | Killed Duvessa
  4549 | D:5      | Killed Dowan
  4549 | D:5      | Reached skill level 6 in Armour
  4560 | D:5      | Found a sparkling altar of Nemelex Xobeh.
  4565 | D:5      | Found a shimmering altar of Xom.
  4570 | D:5      | Found a blossoming altar of Fedhas.
  4634 | D:5      | Reached skill level 5 in Fighting
  4654 | D:5      | Found a white marble altar of Elyvilon.
  4739 | D:6      | Found a burning altar of Makhleb.
  4974 | D:6      | Found a sand-covered staircase.
  5190 | D:6      | Found a glowing silver altar of Zin.
  5191 | D:6      | Noticed a cacodemon
  5191 | D:6      | Noticed an angel
  5228 | D:6      | You fall through a shaft!
  5348 | D:7      | Reached skill level 1 in Shields
  5428 | D:7      | Reached skill level 7 in Armour
  5535 | D:7      | Noticed Joseph
  5562 | D:7      | Killed Joseph
  5562 | D:7      | Gained mutation: You have a pair of small horns on your head. [demonic ancestry]
  5562 | D:7      | Reached XP level 9. HP: 26/68 MP: 10/10
  6600 | D:7      | Reached skill level 8 in Armour
  6885 | D:7      | Found a sacrificial altar of Ru.
  6931 | D:7      | Reached **** piety under Lugonu
  7425 | D:8      | Found an ancient bone altar of Kikubaaqudgha.
  7592 | D:8      | Reached skill level 5 in Axes
  7831 | D:8      | Noticed Grum
  7847 | D:8      | Killed Grum
  7857 | D:8      | Reached XP level 10. HP: 69/76 MP: 11/11
  8022 | D:8      | Gained mutation: Your movements are slightly less encumbered by armour (ER -2). [mutagenic meat]
  8023 | D:8      | Gained mutation: Your mind is acute. (Int +2) [mutagenic meat]
  8163 | D:8      | Reached ***** piety under Lugonu
  8267 | D:9      | Reached skill level 9 in Armour
  8816 | D:10     | Entered Level 10 of the Dungeon
  8816 | D:10     | Found a staircase to the Orcish Mines.
  8816 | D:10     | Noticed a hill giant
  8819 | D:10     | Reached skill level 5 in Shields
  8914 | D:9      | Killed a hill giant
  9105 | D:10     | Found a blossoming altar of Fedhas.
  9217 | D:10     | Found a staircase to the Lair.
  9287 | Lair:1   | Entered Level 1 of the Lair of Beasts
  9522 | Lair:1   | Lost mutation: Your movements are slightly less encumbered by armour (ER -2). [potion of cure mutation]
  9522 | Lair:1   | Lost mutation: Your mind is acute. (Int +2) [potion of cure mutation]
  9820 | D:10     | Reached XP level 11. HP: 74/84 MP: 12/12
  9920 | Orc:1    | Entered Level 1 of the Orcish Mines
  9956 | Orc:1    | Reached skill level 10 in Armour
 10111 | Orc:1    | Noticed an orc sorcerer
 10123 | Orc:1    | Killed an orc sorcerer
 10328 | Orc:2    | Entered Level 2 of the Orcish Mines
 10328 | Orc:2    | Found a staircase to the Elven Halls.
 10340 | Orc:2    | Noticed an orc knight
 10397 | Orc:1    | HP: 4/84 [orc warrior/battleaxe (8)]
 10398 | Orc:1    | Mangled by an orc warrior

Skill      XL: |  1  2  3  4  5  6  7  8  9 10 11 |
---------------+----------------------------------+-----
Dodging        | 1 2 3 4 |  4.8
Axes           | 2 3 4 5 6 |  6.7
Armour         | 2 3 5 7 8 9 10 | 10.2
Fighting       | 4 5 7 |  7.2
Stealth        | 1 2 3 |  3.7
Shields        | 1 4 5 6 |  6.1
Throwing       | |  0.1
Invocations    | |  2.5
Evocations     | |  0.6

Action                   |  1- 3 |  4- 6 |  7- 9 | 10-12 || total
-------------------------+-------+-------+-------+-------++-------
Melee: Hand axe          |    81 |   105 |   198 |       ||   384
       War axe           |       |       |   168 |   346 ||   514
       Headbutt          |       |       |    29 |    59 ||    88
Throw: Tomahawk          |       |       |       |     3 ||     3
Invok: Depart the Abyss  |     1 |       |       |       ||     1
       Bend Space        |       |       |       |     1 ||     1
Evoke: Wand              |     1 |     3 |       |       ||     4
  Use: Scroll            |     3 |     7 |    10 |     5 ||    25
       Potion            |     2 |     4 |     6 |     7 ||    19
 Stab: Sleeping          |       |     1 |       |       ||     1
       Paralysed         |       |     6 |       |       ||     6
  Eat: Chunk             |     3 |     5 |     6 |    14 ||    28
       Fruit             |       |     3 |       |       ||     3
       Royal jelly       |       |       |     1 |       ||     1
       Bread ration      |       |       |     1 |       ||     1
       Meat ration       |       |       |       |     2 ||     2
Armor: Leather armour    |    17 |    12 |       |       ||    29
       Skin              |       |     4 |     1 |       ||     5
       Chain mail        |       |     9 |   130 |       ||   139
       Plate armour      |       |       |    78 |   253 ||   331
Dodge: Dodged            |    59 |    46 |    55 |    52 ||   212
Block: Large shield      |       |       |   176 |   324 ||   500
